Map: Mist Opportunities

Players

NamroodTuo

  • Race: Zerg Zerg

wasp

  • Race: Protoss Protoss
  • Spawn Location: 5:00

VOD

Have the link to the VOD?

Description

Time

  • Played on: May 19, 2023, 4:29 p.m.
  • Length: 30:03
Show
View Real Time Build Order
Export as new Build Order

NamroodTuo Zerg 

Build Orders:  

Get SALT Encoding   

  12  0:19  Infested Barracks  
  12  0:26  Infested SCV  
  13  0:32  Infested SCV  
  13  0:39  Infested SCV  
  15  0:51  Overlord  
  15  1:18  Infested SCV  
  16  1:22  Infestation Level 1  
  16  1:25  Infested SCV  
  17  1:36  Infested Refinery  
  17  1:38  Infested SCV  
  18  1:45  Infested SCV  
  19  1:54  Overlord  
  19  2:01  Infested SCV  
  20  2:10  Overlord  
  20  2:26  Infested SCV  
  21  2:36  Infested Engineering Bay  
  21  2:42  Infested SCV  
  22  2:50  Infested Refinery  
  22  3:00  Infested SCV  
  23  3:12  Infested Factory  
  23  3:30  Infested Barracks Tech Lab  
  23  4:11  Infestation Level 2  
  23  4:17  Infested Bunker  
  27  4:24  Infested SCV  
  27  4:25  Infested SCV  
  27  4:26  Infested SCV  
  30  4:36  Infested SCV  
  30  4:38  Infested SCV  
  32  4:41  Infested SCV  
  33  5:11  Stukov Infantry Weapons Level 1  
  37  5:48  Infested Bunker  
  37  6:11  Anaerobic Enhancement  
  37  6:14  Infested SCV  
  37  6:15  Infested SCV  
  37  6:17  Overlord  
  37  6:18  Infested Armory  
  39  6:25  Overlord  
  39  7:11  Broodling Gestation  
  39  7:59  Infested Bunker  
  47  8:05  Infested Marine  
  47  8:06  Infested Marine x7, Infested Bunker  
  55  8:12  Overlord  
  55  8:13  Overlord x2  
  55  9:09  Infested Marine x4  
  59  9:10  Infested Marine x14  
  77  9:25  Infested Missile Turret  
  77  9:35  Infested Bunker  
  75  9:57  Stukov Infantry Weapons Level 2  
  75  10:01  Stukov Vehicle and Ship Armor Level 1  
  69  10:10  Retinal Augmentation  
  69  10:15  Overseer  
  69  10:18  Overseer  
  51  11:15  Infested Marine  
  51  11:16  Infested Marine x14  
  66  11:32  Infested Marine x7  
  66  11:33  Infested Marine  
  74  11:45  Overlord x2  
  74  11:48  Infested Bunker  
  77  12:55  Infested Command Center  
  77  13:07  Calcified Armor, Infested Missile Turret  
  77  13:09  Infested Bunker  
  78  13:19  Overseer x2  
  63  13:20  Overseer x3  
  59  14:07  Regenerative Plating  
  59  14:24  Infested Marine  
  59  14:25  Infested Marine x6  
  59  14:26  Infested Marine x13  
  79  15:07  Stukov Infantry Armor Level 1  
  79  15:13  Infested Marine  
  79  15:14  Infested Marine x9  
  79  15:18  Infested SCV x3  
  79  15:19  Infested SCV x2  
  94  15:24  Infested SCV  
  94  15:25  Infested SCV x3  
  94  15:26  Overlord  
  94  15:27  Aggressive Incubation  
  98  15:33  Stukov Vehicle and Ship Armor Level 2  
  97  15:50  Infested SCV  
  97  15:51  Infested SCV  
  76  16:55  Unknown  
  70  17:01  Infestation Level 3  
  70  17:05  Plagued Munitions  
  70  17:09  Infested SCV x2  
  72  17:10  Infested SCV x3  
  72  17:17  Infested Refinery  
  75  17:47  Stukov Infantry Weapons Level 3  
  75  17:53  Infested Marine  
  75  17:54  Infested Marine x12  
  75  17:55  Infested Marine x2  
  90  18:08  Infested Barracks  
  94  18:23  Infested Bunker  
  98  18:41  Infested Bunker  
  98  18:43  Stukov Vehicle and Ship Weapons Level 1  
  97  19:00  Infested Marine  
  97  19:01  Infested Marine x15  
  97  19:02  Infested Marine x2  
  101  19:52  Infested Diamondback x2  
  101  19:53  Infested Diamondback x3  
  115  20:04  Infested Factory, Infested Factory Tech Lab  
  92  21:23  Stukov Vehicle and Ship Armor Level 3  
  92  21:27  Stukov Infantry Armor Level 2, Infested Diamondback  
  92  21:28  Infested Diamondback x3  
  104  21:34  Overlord x3  
  104  21:35  Overlord  
  103  22:34  Infested Marine  
  103  22:35  Infested Marine x17  
  103  22:36  Infested Marine x21  
  103  22:39  Infested SCV  
  143  22:40  Infested SCV x4  
  143  22:47  Overlord x3  
  143  22:48  Overlord x2  
  147  23:36  Infested Colonist Compound  
  147  23:58  Infested Marine  
  147  23:59  Infested Marine x15  
  163  24:00  Infested Marine x18  
  163  24:01  Infested Marine  
  186  24:14  Infested Bunker  
  189  24:38  Infested Marine  
  189  24:39  Infested Marine x14  
  166  25:03  Stukov Vehicle and Ship Weapons Level 2  
  166  25:08  Infested Bunker  
  164  25:27  Infested Diamondback  
  164  25:28  Infested Diamondback x3  
  164  25:29  Infested Diamondback  
  146  26:16  Infested Diamondback x2  
  134  26:54  Infested Marine  
  134  26:55  Infested Marine x12  
  134  26:56  Infested Marine x21  
  134  26:57  Infested Marine x4  
  172  27:18  Infested Diamondback x3  
  178  27:22  Infested Marine x6  
  178  27:23  Infested Marine x6  
  178  27:26  Overlord x4  
  178  27:27  Overlord  
  179  28:05  Infested Diamondback  
  179  28:06  Infested Diamondback  
  174  28:36  Infested Diamondback x2  
  147  29:00  Infested Diamondback  
Show
View Real Time Build Order
Export as new Build Order

wasp Protoss 

Build Orders:  

Get SALT Encoding   

  12  0:24  Pylon  
  12  0:31  Pylon  
  12  0:42  Pylon  
  12  0:57  Probe (Chrono Boost)  
  13  1:10  Probe (Chrono Boost)  
  14  1:24  Probe (Chrono Boost)  
  14  1:26  Gateway  
  15  1:45  Gateway  
  15  2:01  Gateway  
  15  2:19  Assimilator  
  15  2:22  Assimilator  
  15  2:24  Probe (Chrono Boost)  
  16  2:38  Probe (Chrono Boost)  
  17  2:51  Probe (Chrono Boost)  
  18  3:05  Probe (Chrono Boost)  
  19  3:18  Probe (Chrono Boost)  
  20  3:32  Probe (Chrono Boost)  
  21  3:58  Zealot x3  
  21  3:59  Zealot x3  
  33  4:00  Zealot x2  
  37  4:21  Zealot  
  39  4:31  Probe (Chrono Boost)  
  40  4:45  Probe (Chrono Boost)  
  41  4:58  Probe (Chrono Boost)  
  42  5:12  Probe (Chrono Boost)  
  43  5:25  Probe (Chrono Boost)  
  44  5:39  Probe (Chrono Boost)  
  45  5:52  Probe (Chrono Boost)  
  46  6:39  Pylon  
  46  6:49  Cybernetics Core  
  46  6:55  Forge  
  46  7:42  Gateway  
  46  7:43  Gateway  
  46  8:40  Zealot  
  46  8:44  Zealot  
  46  8:45  Zealot  
  46  8:47  Zealot  
  46  8:49  Dragoon x3  
  52  8:50  Dragoon x3  
  52  8:51  Dragoon  
  42  9:29  Dragoon  
  36  9:30  Dragoon x3  
  36  9:31  Dragoon  
  36  10:28  Zealot  
  38  10:33  Zealot x2  
  38  10:34  Zealot x3  
  38  10:35  Zealot x3  
  38  10:36  Zealot x2  
  58  12:15  Zealot  
  58  12:19  Nexus, Zealot x2  
  64  12:20  Zealot x3  
  64  12:21  Zealot x2  
  64  12:22  Zealot x2, Assimilator  
  64  12:23  Zealot x2  
  64  12:29  Assimilator  
  80  14:15  Zealot x2  
  80  14:16  Zealot x3  
  80  14:17  Zealot x3  
  80  14:18  Zealot x2  
  80  14:19  Zealot x2  
  104  14:20  Zealot x2  
  92  15:24  Probe (Chrono Boost)  
  93  15:37  Probe (Chrono Boost)  
  94  15:51  Probe (Chrono Boost)  
  27  17:39  Dragoon  
  26  17:40  Dragoon x2  
  26  17:41  Dragoon x2  
  26  17:42  Dragoon  
  26  17:43  Dragoon x3  
  26  17:44  Dragoon x3  
  26  17:45  Dragoon x2  
  26  17:46  Dragoon  
  50  19:11  Photon Cannon  
  50  19:13  Photon Cannon  
  50  19:15  Photon Cannon  
  50  19:17  Photon Cannon  
  50  19:19  Photon Cannon  
  50  19:22  Photon Cannon  
  50  19:24  Photon Cannon  
  50  19:26  Photon Cannon  
  50  19:28  Photon Cannon  
  50  19:30  Photon Cannon  
  50  19:35  Photon Cannon  
  50  19:49  Photon Cannon  
  50  20:26  Pylon  
  50  20:28  Pylon  
  46  21:01  Dragoon x2  
  46  21:02  Dragoon x3  
  56  22:31  Zealot  
  56  22:32  Zealot x3  
  56  22:33  Zealot x3  
  56  22:34  Zealot x2  
  56  22:35  Zealot  
  70  25:55  Zealot  
  70  25:59  Zealot  
  74  26:04  Zealot  
  74  26:05  Zealot  
  74  26:06  Zealot x3  
  74  26:08  Zealot  
  86  26:10  Dragoon  
  86  26:11  Dragoon x3  
  86  26:12  Dragoon  
  86  26:13  Dragoon  
  66  27:12  Zealot x2  
  66  27:13  Zealot x3  
  66  27:14  Zealot x2  
  66  27:15  Zealot x3  
  66  27:16  Zealot  
Tags
 
Add a new tag
Caveats
  • Supply blocks, unpowered buildings, or Contaminate may cause inaccurate times.
  • Supply counts are checked every 10 seconds.